[Event "Titled Tuesday Blitz August 23 Early 2022"]
[White "Mitrabha, Guha"]
[Black "Amgalantengis, Enkh-Amgalan"]
[WhiteFideId "5057000"]
[BlackFideId "4903536"]
[WhiteElo "2499"]
[BlackElo "1719"]
[Result "1-0"]
[Round "01"]
[TimeControl "180+1"]
[Date "2022.08.23"]
[WhiteClock "0:02:04"]
[BlackClock "0:00:10"]

1. c4 c6 2. Nf3 Nf6 3. e3 d5 4. Nc3 e6 5. b3 Nbd7 6. Bb2 Bd6 7. Qc2 O-O 8. Rg1 e5 9. cxd5 cxd5 10. Nb5 Bb8 11. Ba3 Re8 12. Nd6 Bxd6 13. Bxd6 Ne4 14. Ba3 Ndf6 15. Bb2 d4 16. Rc1 Bf5 17. Qc7 Ng4 18. Qxd8 Raxd8 19. d3 dxe3 20. fxe3 Nd6 21. e4 Be6 22. h3 Ne3 23. Be2 f6 24. Kf2 1-0


[Site "https://www.chess.com"]

[Event "Titled Tuesday Blitz August 23 Early 2022"]
[White "Molina, Roberto Junio Brito"]
[Black "Kokoszczynski, Jan"]
[WhiteFideId "2109450"]
[BlackFideId "1174460"]
[WhiteElo "2403"]
[BlackElo "2147"]
[Result "1-0"]
[Round "01"]
[TimeControl "180+1"]
[Date "2022.08.23"]
[WhiteClock "0:01:27"]
[BlackClock "0:01:01"]

1. d4 Nf6 2. Nf3 d5 3. e3 e6 4. Bd3 a6 5. b3 c5 6. O-O Nc6 7. Bb2 Bd6 8. Nbd2 O-O 9. a3 Qc7 10. dxc5 Bxc5 11. b4 Be7 12. c4 dxc4 13. Bxc4 Rd8 14. Qe2 b5 15. Bd3 Bb7 16. Rfc1 Qd7 17. Bc2 Rac8 18. Nb3 Qd5 19. Rd1 Qh5 20. Rac1 Ng4 21. h3 Nce5 22. Nxe5 Rxd1+ 23. Bxd1 Rxc1 24. Nxc1 1-0


[Site "https://www.chess.com"]

[Event "Titled Tuesday Blitz August 23 Early 2022"]
[White "Moroni, Luca Jr"]
[Black "Tifferet, Shaked"]
[WhiteFideId "865834"]
[BlackFideId "2811529"]
[WhiteElo "2573"]
[BlackElo "2083"]
[Result "1-0"]
[Round "01"]
[TimeControl "180+1"]
[Date "2022.08.23"]
[WhiteClock "0:00:14"]
[BlackClock "0:00:05"]

1. d4 Nf6 2. Bf4 g6 3. Nc3 d5 4. Nb5 Na6 5. e3 Bg7 6. h3 O-O 7. Nf3 c6 8. Nc3 Nb8 9. Bd3 b6 10. O-O Ba6 11. Bxb8 Bxd3 12. Qxd3 Rxb8 13. a4 c5 14. Rad1 c4 15. Qe2 a6 16. e4 e6 17. Ne5 Qc7 18. exd5 exd5 19. Qf3 Rbd8 20. Rfe1 Rfe8 21. g4 Qb7 22. b4 cxb3 23. cxb3 Ne4 24. Nxe4 dxe4 25. Qf4 Qc7 26. Nxg6 Qxf4 27. Nxf4 Rxd4 28. Rxd4 Bxd4 29. Kg2 e3 30. Nd5 e2 31. Kf3 Re5 32. Nf6+ Kg7 33. Nh5+ Kg6 34. Rxe2 Rxe2 35. Nf4+ Kg5 36. Nxe2 Bc5 37. Nf4 Kh4 38. Kg2 Kg5 39. Nd5 h5 40. f4+ Kg6 41. Kf3 hxg4+ 42. hxg4 Bg1 43. Ke4 f6 44. b4 Bf2 45. b5 axb5 46. axb5 Bg1 47. Ne7+ Kf7 48. Nf5 Ke6 49. Ng7+ Kf7 50. Nf5 Ke6 51. Nd4+ Kf7 52. Kd5 Ke7 53. Ne2 Bf2 54. f5 Kd7 55. Nf4 Be3 56. Ne6 Bd2 57. Nf8+ Ke7 58. Ng6+ Kd7 59. Nh4 Be1 60. Nf3 Bd2 61. Nxd2 1-0


[Site "https://www.chess.com"]

[Event "Titled Tuesday Blitz August 23 Early 2022"]
[White "Ochirbat, Lkhagvajamts"]
[Black "Gholami Orimi, Mahdi"]
[WhiteFideId "4903153"]
[BlackFideId "12558486"]
[WhiteElo "1905"]
[BlackElo "2354"]
[Result "0-1"]
[Round "01"]
[TimeControl "180+1"]
[Date "2022.08.23"]
[WhiteClock "0:00:01"]
[BlackClock "0:00:02"]

1. Nf3 d5 2. d4 Nf6 3. e3 c5 4. c4 cxd4 5. Nxd4 g6 6. Nc3 Bg7 7. Nf3 Be6 8. Nd4 Bg4 9. f3 Bc8 10. Nb3 e6 11. cxd5 exd5 12. Bb5+ Nc6 13. O-O O-O 14. Bd2 Qb6 15. Kh1 Bf5 16. Re1 Rad8 17. Bxc6 Qxc6 18. Nd4 Qd7 19. Nxf5 Qxf5 20. Ne2 Rfe8 21. Ng3 Qg5 22. e4 Qh4 23. e5 Nd7 24. f4 Nc5 25. Qf3 h5 26. Rad1 Qg4 27. Qxg4 hxg4 28. Bb4 b6 29. b3 g5 30. Bxc5 bxc5 31. fxg5 Bxe5 32. Nf5 d4 33. Kg1 Kh7 34. Nh4 Bf4 35. g3 Bxg5 36. Ng2 Kg6 37. Kf1 a5 38. Rxe8 Rxe8 39. Ne1 a4 40. Nd3 axb3 41. axb3 Rc8 42. Ne5+ Kf5 43. Nc4 Rc6 44. Re1 Bf6 45. Kg2 Ra6 46. Rf1+ Kg6 47. Rf2 Bg7 48. Rf4 f5 49. Rf2 Bh6 50. Kf1 d3 51. Rb2 Ra1+ 52. Kf2 Rh1 53. Ne5+ Kf6 54. Nxd3 Rxh2+ 55. Kf1 Rxb2 56. Nxb2 Ke5 57. Ke2 Kd4 58. Nd3 Bf8 59. Nf4 Bd6 60. Ne6+ Kc3 61. Ng7 Bxg3 62. Nxf5 Be5 63. Ne3 g3 64. Nd5+ Kxb3 65. Ne3 c4 66. Kd1 c3 67. Ke2 Bc7 68. Kd3 Bb6 0-1


[Site "https://www.chess.com"]

[Event "Titled Tuesday Blitz August 23 Early 2022"]
[White "Paravyan, David"]
[Black "Siniauski, Artsiom"]
[WhiteFideId "4194985"]
[BlackFideId "13512269"]
[WhiteElo "2569"]
[BlackElo "2139"]
[Result "1-0"]
[Round "01"]
[TimeControl "180+1"]
[Date "2022.08.23"]
[WhiteClock "0:00:24"]
[BlackClock "0:00:02"]

1. e4 e6 2. d4 d5 3. Nc3 Nf6 4. Bg5 dxe4 5. Nxe4 Be7 6. Nxf6+ gxf6 7. Be3 f5 8. Nf3 a6 9. Qe2 b5 10. O-O-O Bb7 11. Ne5 Nd7 12. Qh5 Nxe5 13. dxe5 Qb8 14. Be2 c5 15. Bf3 a5 16. Rd2 a4 17. Bf4 a3 18. b3 Qa7 19. Rhd1 Bxf3 20. Qxf3 h6 21. Rd7 Qa5 22. b4 cxb4 23. Qc6 Kf8 24. Kb1 Re8 25. Qb7 b3 26. cxb3 Qc3 27. Bc1 Qxe5 28. Rxe7 Rxe7 29. Bxa3 Qe4+ 30. Qxe4 fxe4 31. Rd8+ Kg7 32. Bxe7 Rh7 33. Kc2 Kg6 34. Rg8+ Kf5 35. Bd6 e5 36. Bc5 f6 37. Be3 h5 38. h3 h4 39. a4 bxa4 40. bxa4 Ke6 41. Re8+ Kd7 42. Ra8 Ke6 43. Ra7 Rh8 44. Ra6+ Kf5 45. a5 Rc8+ 46. Kb3 Kg6 47. Rb6 Ra8 48. a6 Kf7 49. a7 Rxa7 50. Rxf6+ Kxf6 51. Bxa7 Kf5 52. Be3 Ke6 53. Kc4 Kf5 54. Kd5 1-0


[Site "https://www.chess.com"]

[Event "Titled Tuesday Blitz August 23 Early 2022"]
[White "Petrovic, Aleksa"]
[Black "Kamsky, Gata"]
[WhiteFideId "967629"]
[BlackFideId "2000024"]
[WhiteElo "2262"]
[BlackElo "2666"]
[Result "0-1"]
[Round "01"]
[TimeControl "180+1"]
[Date "2022.08.23"]
[WhiteClock "0:00:20"]
[BlackClock "0:00:16"]

1. d4 f5 2. Nf3 Nf6 3. g3 g6 4. Bg2 Bg7 5. O-O O-O 6. c4 d6 7. Nc3 c6 8. d5 e5 9. dxe6 Bxe6 10. b3 Na6 11. Ng5 Bc8 12. Bb2 Qe7 13. Qc2 Ng4 14. Nf3 Be6 15. Rad1 Rad8 16. Nd4 Bd7 17. e3 Kh8 18. Rfe1 Nc5 19. h3 Nf6 20. Nde2 a5 21. Rd2 Nfe4 22. Nxe4 fxe4 23. Bxg7+ Kxg7 24. Nc3 Rde8 25. Red1 Rf6 26. a3 Re6 27. b4 axb4 28. axb4 Na6 29. Qb2 Kg8 30. Rd4 Nxb4 31. Nxe4 d5 32. cxd5 Nxd5 33. Nc3 Nxc3 34. Rxd7 Nxd1 35. Qxb7 Qf6 36. Rxh7 Nxf2 37. Bxc6 Rxc6 0-1


[Site "https://www.chess.com"]

[Event "Titled Tuesday Blitz August 23 Early 2022"]
[White "Pranesh M"]
[Black "Korelskiy, Egor"]
[WhiteFideId "35028600"]
[BlackFideId "34329064"]
[WhiteElo "1926"]
[BlackElo "2077"]
[Result "1-0"]
[Round "01"]
[TimeControl "180+1"]
[Date "2022.08.23"]
[WhiteClock "0:02:08"]
[BlackClock "0:00:53"]

1. e4 c5 2. Nf3 e6 3. d4 cxd4 4. Nxd4 a6 5. c4 Nf6 6. Nc3 Qc7 7. Bd3 Nc6 8. Nxc6 dxc6 9. O-O e5 10. Bg5 Be7 11. h3 h6 12. Be3 O-O 13. c5 Be6 14. Qe2 Qa5 15. a3 Bb3 16. Bc4 Bxc4 17. Qxc4 Rad8 18. b4 Qc7 19. a4 Qd7 20. Rfd1 Qc8 21. b5 axb5 22. axb5 cxb5 23. Qxb5 Nd7 24. Nd5 Rfe8 25. Rab1 Bf8 26. Rdc1 Qc6 27. Qxb7 Rc8 28. Qxc6 Rxc6 29. Nb4 Rcc8 30. c6 Nb8 31. c7 Bxb4 32. Rxb4 Na6 33. Rb7 Re7 34. Bb6 Rd7 35. Ra1 Nxc7 36. Rc1 1-0


[Site "https://www.chess.com"]

[Event "Titled Tuesday Blitz August 23 Early 2022"]
[White "Salinas Herrera, Pablo"]
[Black "Manukyan, Sargis A."]
[WhiteFideId "3407128"]
[BlackFideId "13303970"]
[WhiteElo "2542"]
[BlackElo "2187"]
[Result "1-0"]
[Round "01"]
[TimeControl "180+1"]
[Date "2022.08.23"]
[WhiteClock "0:02:35"]
[BlackClock "0:01:26"]

1. d4 d5 2. Nf3 Nf6 3. Bf4 Bg4 4. Ne5 Bf5 5. c4 e6 6. Qb3 Qc8 7. Nc3 Nc6 8. e3 Bd6 9. cxd5 exd5 10. Bb5 O-O 11. Bxc6 bxc6 12. Nxc6 Qa6 13. Bxd6 Qxc6 14. Bxf8 Rxf8 15. O-O h5 16. Rfc1 h4 17. Nb5 Qe6 18. Nxc7 Qe5 19. dxe5 1-0


[Site "https://www.chess.com"]

[Event "Titled Tuesday Blitz August 23 Early 2022"]
[White "Samadov, Read"]
[Black "Miszler, Levente"]
[WhiteFideId "13417444"]
[BlackFideId "763276"]
[WhiteElo "2084"]
[BlackElo "1966"]
[Result "0-1"]
[Round "01"]
[TimeControl "180+1"]
[Date "2022.08.23"]
[WhiteClock "0:00:04"]
[BlackClock "0:00:07"]

1. d4 Nf6 2. c4 e6 3. Nf3 d5 4. g3 Be7 5. Bg2 O-O 6. O-O c6 7. Qc2 Nbd7 8. Rd1 Ne4 9. Nc3 f5 10. b3 Ndf6 11. Ne5 Bb4 12. Bb2 Bd7 13. a3 Be7 14. e3 Be8 15. Ne2 Bh5 16. f3 Nd6 17. Nf4 Be8 18. Nxe6 Qc8 19. Nxf8 Bxf8 20. cxd5 Nxd5 21. Qe2 Qe6 22. e4 Nf6 23. Nc4 fxe4 24. Nxd6 Bxd6 25. fxe4 Bh5 26. Qc4 Qxc4 27. bxc4 Bxd1 28. Rxd1 Rd8 29. Bf3 Bc7 30. e5 Nd7 31. e6 Nf6 32. d5 Kf8 33. a4 Ke7 34. Ba3+ Bd6 35. Bb2 Bc5+ 36. Kg2 cxd5 37. cxd5 b6 38. g4 h6 39. h4 Bd6 40. g5 hxg5 41. hxg5 Ne8 42. Be4 Bf4 43. g6 Nf6 44. Kf3 Bd6 45. Rh1 Rf8 46. Bxf6+ Rxf6+ 47. Ke3 Be5 48. Rh8 Rf8 49. Rh1 Rc8 50. Rf1 Bf6 51. Bd3 Kd6 52. Be4 Ke7 53. Bd3 Kd6 54. Rxf6 gxf6 55. Ke4 Ke7 56. Kf5 Rg8 57. d6+ Kxd6 58. Kxf6 Rf8+ 59. Kg7 Ke7 60. Bc4 Rf4 61. Bb3 Rf3 62. Bd5 Rf5 63. Bb7 Rf2 64. Bc8 Rg2 65. Bd7 Rg3 66. Kh7 Rh3+ 67. Kg8 Rg3 68. g7 Kf6 69. e7 Rxg7+ 70. Kf8 Rxe7 71. Bb5 Re5 0-1


[Site "https://www.chess.com"]

[Event "Titled Tuesday Blitz August 23 Early 2022"]
[White "Shirov, Alexei"]
[Black "D`Arruda, Ricardo D."]
[WhiteFideId "2209390"]
[BlackFideId "100692"]
[WhiteElo "2678"]
[BlackElo "2517"]
[Result "1-0"]
[Round "01"]
[TimeControl "180+1"]
[Date "2022.08.23"]
[WhiteClock "0:01:45"]
[BlackClock "0:00:01"]

1. e4 c5 2. Nf3 Nc6 3. d4 cxd4 4. Nxd4 e5 5. Nb5 a6 6. Nd6+ Bxd6 7. Qxd6 Qe7 8. Qd1 Nf6 9. Nc3 d6 10. Bg5 Be6 11. Bd3 h6 12. Bh4 O-O 13. O-O g5 14. Bg3 Rfd8 15. h4 Kg7 16. Qd2 Nh5 17. Nd5 Bxd5 18. exd5 Nd4 19. c3 Nb5 20. Rae1 gxh4 21. Bh2 Qg5 22. f4 Nxf4 23. Bxf4 exf4 24. Rxf4 Re8 25. Ref1 Re7 26. Qf2 Rf8 27. Rxh4 Qe3 28. Rg4+ Kh8 29. Bxb5 axb5 30. Qxe3 Rxe3 31. Rf2 Kh7 32. Rb4 Rd3 33. Rxb5 Kg6 34. c4 f5 35. Rxb7 1-0


[Site "https://www.chess.com"]

[Event "Titled Tuesday Blitz August 23 Early 2022"]
[White "Shuvalov, Evgenij"]
[Black "Ibrahimli, Murad"]
[WhiteFideId "4187237"]
[BlackFideId "13410229"]
[WhiteElo "2058"]
[BlackElo "2109"]
[Result "0-1"]
[Round "01"]
[TimeControl "180+1"]
[Date "2022.08.23"]
[WhiteClock "0:00:25"]
[BlackClock "0:01:05"]

1. Nf3 d5 2. c4 Nf6 3. cxd5 Nxd5 4. e4 Nf6 5. Nc3 c5 6. d4 cxd4 7. Qxd4 Qxd4 8. Nxd4 e6 9. Bf4 a6 10. Nb3 Bb4 11. f3 Nc6 12. Rc1 Bd7 13. Be2 Na5 14. Nxa5 Bxa5 15. Bd6 Bc6 16. O-O Rd8 17. Rfd1 Nd7 18. Kf1 f6 19. Bc4 Kf7 20. Ne2 Ne5 21. Bb3 Bb5 22. Bc7 Rxd1+ 23. Bxd1 Rc8 24. Bxa5 Rxc1 25. Ke1 Nc4 26. Bd2 Nxd2 27. Kxd2 Rc7 28. Nc3 Bf1 29. g3 Ke7 30. Ke3 b5 31. a3 Bc4 32. f4 e5 33. Be2 Be6 34. Bd3 h6 35. f5 Bf7 36. Be2 Rc8 37. Bd3 Kd6 38. Be2 Kc5 39. Bd3 Rb8 40. b4+ Kd6 41. Be2 Rc8 42. Kd2 Bc4 43. Bd1 Kc6 44. Bc2 Kb6 45. Bb1 Rd8+ 46. Ke3 a5 47. Bc2 axb4 48. axb4 Ra8 49. Kd2 Rd8+ 50. Ke3 Rd4 51. Bb1 Bf7 52. Ba2 Bxa2 53. Nxa2 h5 54. Nc3 Kc6 55. Nd5 Rxd5 56. exd5+ Kxd5 57. h3 e4 58. g4 hxg4 59. hxg4 Ke5 60. Ke2 Kd4 61. Kd2 e3+ 62. Ke2 Ke4 63. Ke1 Kd3 64. Kd1 Kc3 65. Ke2 Kxb4 66. Kxe3 Kc3 67. Ke4 b4 68. Kd5 b3 69. Ke6 b2 70. Kf7 b1=Q 71. Kxg7 Qb6 72. g5 fxg5 73. f6 g4 74. f7 Qc7 75. Kg8 Qxf7+ 76. Kxf7 g3 0-1


[Site "https://www.chess.com"]

[Event "Titled Tuesday Blitz August 23 Early 2022"]
[White "Theodorou, Nikolas"]
[Black "Omelja, Artem"]
[WhiteFideId "4262875"]
[BlackFideId "14119846"]
[WhiteElo "2484"]
[BlackElo "2382"]
[Result "1-0"]
[Round "01"]
[TimeControl "180+1"]
[Date "2022.08.23"]
[WhiteClock "0:01:21"]
[BlackClock "0:00:07"]

1. e4 c5 2. d4 cxd4 3. c3 d3 4. Bxd3 Nc6 5. Ne2 g6 6. c4 Bg7 7. Nbc3 d6 8. O-O Nf6 9. h3 O-O 10. Be3 Be6 11. Rc1 Rc8 12. b3 b6 13. Qd2 Nd7 14. Bh6 Nc5 15. Bxg7 Kxg7 16. Bb1 Qc7 17. f4 Qb7 18. f5 Bd7 19. f6+ exf6 20. Qxd6 Be6 21. Nd5 Ne5 22. Nxf6 Ned3 23. Bxd3 Rfd8 24. Qe5 Nxd3 25. Nh5+ Kf8 26. Qg7+ Ke7 27. Qf6+ Kf8 28. Nef4 Nc5 29. Nd5 Bxd5 30. exd5 gxh5 31. Qh8+ Ke7 32. Rce1+ Kd6 33. Qe5+ Kd7 34. Rxf7# 1-0


[Site "https://www.chess.com"]

[Event "Titled Tuesday Blitz August 23 Early 2022"]
[White "Timofeev, Artyom"]
[Black "Petesch, Gabriel"]
[WhiteFideId "4140419"]
[BlackFideId "2032465"]
[WhiteElo "2578"]
[BlackElo "2374"]
[Result "1-0"]
[Round "01"]
[TimeControl "180+1"]
[Date "2022.08.23"]
[WhiteClock "0:00:58"]
[BlackClock "0:00:19"]

1. e4 e6 2. Qe2 Nc6 3. Nf3 Bc5 4. c3 d5 5. exd5 Qxd5 6. d4 Be7 7. g3 Nf6 8. Bg2 O-O 9. O-O Qd8 10. Nbd2 Nd5 11. Ne4 Bd7 12. Rd1 Nf6 13. Ned2 Re8 14. Nc4 Bf8 15. a4 Nd5 16. Bg5 Be7 17. h4 Bf6 18. Rac1 h6 19. Bd2 Nb6 20. Ra1 Nxc4 21. Qxc4 Na5 22. Qa2 Bc6 23. c4 b6 24. b4 Nb7 25. b5 Be4 26. Bf4 Qe7 27. Qe2 Bg6 28. g4 Rab8 29. g5 1-0


[Site "https://www.chess.com"]

[Event "Titled Tuesday Blitz August 23 Early 2022"]
[White "Winterberg, Lukas"]
[Black "Mekhitarian, Krikor Sevag"]
[WhiteFideId "24622702"]
[BlackFideId "2107660"]
[WhiteElo "2349"]
[BlackElo "2603"]
[Result "0-1"]
[Round "01"]
[TimeControl "180+1"]
[Date "2022.08.23"]
[WhiteClock "0:00:11"]
[BlackClock "0:00:51"]

1. d4 Nf6 2. Nf3 g6 3. c4 Bg7 4. Nc3 d5 5. cxd5 Nxd5 6. e4 Nxc3 7. bxc3 c5 8. Bb5+ Nd7 9. O-O O-O 10. Re1 Qc7 11. h4 a6 12. Bf1 b6 13. h5 Bb7 14. h6 Bh8 15. Bg5 Rfe8 16. Rc1 e5 17. Bc4 b5 18. Bb3 exd4 19. cxd4 c4 20. e5 Nb6 21. Bc2 Bd5 22. Qe2 Qc6 23. Nh4 Nd7 24. Qg4 Nf8 25. Be4 Bxe4 26. Rxe4 f5 27. Nxf5 gxf5 28. Qxf5 Ng6 29. e6 Rf8 30. Qg4 Rae8 31. Rce1 Qd5 32. Qg3 Rf5 33. Bc1 b4 34. Rg4 Rxe6 35. Rxe6 Qxe6 36. Qb8+ Rf8 37. Qxb4 Qxg4 38. Qxc4+ Rf7 39. Qc8+ Qxc8 0-1


[Site "https://www.chess.com"]

[Event "Titled Tuesday Blitz August 23 Early 2022"]
[White "Zhigalko, Sergei"]
[Black "Danielyan, Vahe"]
[WhiteFideId "13502956"]
[BlackFideId "13304828"]
[WhiteElo "2662"]
[BlackElo "2421"]
[Result "1-0"]
[Round "01"]
[TimeControl "180+1"]
[Date "2022.08.23"]
[WhiteClock "0:00:13"]
[BlackClock "0:00:02"]

1. e4 c6 2. d4 d5 3. e5 Bf5 4. Nf3 e6 5. Be2 Nd7 6. O-O a6 7. Nbd2 h6 8. c4 Ne7 9. c5 Bh7 10. b4 g5 11. Nb3 Bg7 12. Bd3 Bxd3 13. Qxd3 O-O 14. Re1 Nf5 15. g4 Ne7 16. h4 gxh4 17. Nxh4 Ng6 18. Nxg6 fxg6 19. Qxg6 Qh4 20. Be3 Rf7 21. Kg2 Nf8 22. Qh5 Qe7 23. Rh1 Nh7 24. Bxh6 Bxh6 25. Qxh6 Raf8 26. Raf1 Rg7 27. f3 Qf7 28. Nc1 Rg6 29. Qh5 Qg7 30. Ne2 Rg5 31. Qh6 Qf7 32. Ng3 Rg6 33. Qh5 Qg7 34. Qh4 Rf4 35. Nh5 Rgxg4+ 36. fxg4 Rxg4+ 37. Kf3 Rxh4 38. Nxg7 Rxd4 39. Nxe6 Ng5+ 40. Nxg5 1-0


[Site "https://www.chess.com"]

[Event "Titled Tuesday Blitz August 23 Early 2022"]
[White "Zou, Chen"]
[Black "Jain, Naveen"]
[WhiteFideId "8610959"]
[BlackFideId "5003970"]
[WhiteElo "2276"]
[BlackElo "2036"]
[Result "1-0"]
[Round "01"]
[TimeControl "180+1"]
[Date "2022.08.23"]
[WhiteClock "0:00:54"]
[BlackClock "0:00:01"]

1. d4 Nf6 2. Bf4 c5 3. d5 d6 4. Nc3 g6 5. e4 Bg7 6. a4 O-O 7. Nf3 Qa5 8. Bd2 e6 9. dxe6 Bxe6 10. Bd3 Nc6 11. O-O Qb6 12. a5 Qd8 13. a6 b6 14. h3 Nd7 15. Bg5 Qc8 16. Re1 Nde5 17. Nxe5 Bxe5 18. Bf1 Nb4 19. Nb5 Qd7 20. c3 Nc6 21. f4 Bg7 22. Qxd6 Qxd6 23. Nxd6 f6 24. Bh4 Na5 25. f5 Bb3 26. Ra3 Rfd8 27. Nb7 Nxb7 28. axb7 Rab8 29. Rxb3 1-0


[Site "https://www.chess.com"]

[Event "Titled Tuesday Blitz August 23 Early 2022"]
[White "Abdrlauf, Elham"]
[Black "Vachylia, Andrii"]
[WhiteFideId "1533533"]
[BlackFideId "14137224"]
[WhiteElo "2430"]
[BlackElo "2318"]
[Result "0-1"]
[Round "02"]
[TimeControl "180+1"]
[Date "2022.08.23"]
[WhiteClock "0:00:08"]
[BlackClock "0:00:19"]

1. e4 c5 2. Nf3 d6 3. d4 cxd4 4. Nxd4 Nf6 5. Nc3 a6 6. Bc4 e6 7. Bb3 Nbd7 8. f4 Nc5 9. f5 Be7 10. Qf3 O-O 11. Be3 e5 12. Nde2 b5 13. O-O-O Qc7 14. Bxc5 dxc5 15. Nd5 Nxd5 16. Bxd5 Rb8 17. g4 c4 18. h4 b4 19. g5 b3 20. a3 bxc2 21. Kxc2 Bd7 22. Nc3 Qa5 23. Rb1 Ba4+ 24. Kc1 Rb3 25. Rh3 Rfb8 26. Qh5 Bxa3 27. Kd2 Bxb2 0-1


[Site "https://www.chess.com"]

[Event "Titled Tuesday Blitz August 23 Early 2022"]
[White "Acor, Corey"]
[Black "Cori T., Deysi"]
[WhiteFideId "2024861"]
[BlackFideId "3801934"]
[WhiteElo "2340"]
[BlackElo "2341"]
[Result "1/2-1/2"]
[Round "02"]
[TimeControl "180+1"]
[Date "2022.08.23"]
[WhiteClock "0:01:09"]
[BlackClock "0:00:24"]

1. e4 e6 2. d3 d5 3. Nd2 Nc6 4. g3 dxe4 5. dxe4 Nf6 6. Bg2 e5 7. Ngf3 a5 8. O-O Bc5 9. Qe2 b6 10. b3 Ba6 11. c4 O-O 12. Bb2 Qe7 13. Rad1 Rad8 14. h3 Rfe8 15. Nb1 Nd4 16. Nxd4 exd4 17. Rfe1 Bb4 18. Nd2 Bb7 19. Qd3 c5 20. Re2 Bxd2 21. Rdxd2 Bc6 22. f4 Nxe4 23. Rd1 f5 24. Rde1 Qf7 25. g4 g6 26. Bc1 Nc3 27. Bxc6 Rxe2 28. Rxe2 Nxe2+ 29. Qxe2 d3 30. Qd2 fxg4 31. hxg4 Qe6 32. Bd5 Rxd5 33. cxd5 Qxg4+ 34. Kf2 Qh4+ 35. Ke3 Qh3+ 36. Ke4 Qf5+ 37. Ke3 Qh3+ 38. Kf2 Qh2+ 39. Kf3 Qh3+ 40. Ke4 Qf5+ 41. Ke3 Qh3+ 1/2-1/2


[Site "https://www.chess.com"]

[Event "Titled Tuesday Blitz August 23 Early 2022"]
[White "Adewumi, Tanitoluwa"]
[Black "Drygalov, Andrey"]
[WhiteFideId "30966396"]
[BlackFideId "24171735"]
[WhiteElo "2609"]
[BlackElo "2531"]
[Result "1/2-1/2"]
[Round "02"]
[TimeControl "180+1"]
[Date "2022.08.23"]
[WhiteClock "0:00:06"]
[BlackClock "0:00:09"]

1. e4 c5 2. Nf3 d6 3. Bb5+ Nd7 4. c3 a6 5. Bd3 Ngf6 6. Bc2 b5 7. d4 Bb7 8. Nbd2 e5 9. O-O Be7 10. d5 O-O 11. c4 g6 12. a4 b4 13. Ne1 Nh5 14. b3 Re8 15. g3 Bf8 16. Bd3 Bg7 17. Be2 Nhf6 18. Bf3 Bc8 19. Bg2 Nf8 20. Nd3 Bg4 21. f3 Bd7 22. Bb2 Nh5 23. f4 exf4 24. Bxg7 Nxg7 25. gxf4 Qh4 26. Qf3 Bg4 27. Qg3 Qxg3 28. hxg3 Be2 29. Rf3 Bxf3 30. Bxf3 Rad8 31. Re1 f6 32. Kf2 Nd7 33. Bg4 f5 34. Bh3 Nf6 35. e5 dxe5 36. fxe5 Nxd5 37. cxd5 Rxd5 38. Re3 Red8 39. Ke2 Ne6 40. Bg2 Nd4+ 41. Kf2 R5d7 42. Nxc5 Rc7 43. Nxa6 Rc2 44. Rd3 Nc6 45. Rxd8+ Nxd8 46. Ke2 Rc3 47. Bf3 Ne6 48. Nxb4 Nd4+ 49. Kf2 Kf8 50. Bd5 h5 51. a5 Rc5 52. a6 Ra5 53. Ke3 Nb5 54. Nc4 Ra1 55. e6 Nc7 56. Kd4 f4 57. gxf4 h4 58. Ne3 h3 59. Bb7 Nxe6+ 60. Ke5 Nc5 61. Bc6 Nxa6 62. Nxa6 Rxa6 63. Be4 Kf7 64. Ng4 Kg7 65. b4 Rb6 66. Nf2 h2 67. Ng4 Rb5+ 68. Ke6 Rxb4 69. Bd5 Rb2 70. Ke5 Re2+ 71. Kd4 Rd2+ 72. Ke3 Rxd5 73. Nxh2 Kf6 74. Ke4 Ra5 75. Ng4+ Ke6 76. Ne3 Ra4+ 77. Kf3 Kd6 78. Kg4 Ke6 79. Kg5 Ra3 80. Nf1 Kf7 81. Nh2 Rg3+ 82. Ng4 Kg7 83. f5 Rg1 84. fxg6 Rg2 85. Kf5 Ra2 86. Kg5 Ra5+ 87. Kf4 Kxg6 88. Ne5+ Kf6 89. Ng4+ Ke6 90. Kf3 Ra4 91. Ne3 Ke5 92. Ng4+ Kf5 93. Ne3+ Kg5 94. Kg3 Rb4 95. Kf3 Ra4 96. Kg3 Kf6 97. Kf3 Ke5 98. Ng4+ Kd4 99. Kf4 Ra8 100. Kf5 Rf8+ 101. Nf6 Rh8 102. Kg5 Rh1 103. Kf5 Rf1+ 104. Ke6 Rf2 105. Nd5 Re2+ 106. Kd6 Rh2 107. Nf6 Ra2 108. Ke6 Ra5 109. Nd7 Ra6+ 110. Kf5 Ra7 111. Nf6 Re7 112. Ng4 Re1 113. Nf6 Kc5 114. Kf4 Kd6 115. Ne4+ Kd5 116. Nf6+ Kd4 117. Kf5 Rf1+ 118. Ke6 Rh1 119. Kf5 Kc5 120. Ke6 Rf1 121. Ke5 Re1+ 122. Kf5 Kc4 123. Kf4 Kd4 124. Kf5 1/2-1/2


[Site "https://www.chess.com"]

[Event "Titled Tuesday Blitz August 23 Early 2022"]
[White "Aizpurua, Patrick Emilio"]
[Black "Janik, Igor"]
[WhiteFideId "6600522"]
[BlackFideId "1159259"]
[WhiteElo "2378"]
[BlackElo "2456"]
[Result "0-1"]
[Round "02"]
[TimeControl "180+1"]
[Date "2022.08.23"]
[WhiteClock "0:00:16"]
[BlackClock "0:01:21"]

1. d4 d6 2. Nf3 g6 3. c4 Bg7 4. Nc3 Bg4 5. h3 Bxf3 6. gxf3 c5 7. dxc5 Bxc3+ 8. bxc3 dxc5 9. Qxd8+ Kxd8 10. Be3 Nd7 11. O-O-O Kc7 12. f4 Ngf6 13. Bg2 Rad8 14. Kc2 b6 15. a4 Nb8 16. a5 Nc6 17. axb6+ axb6 18. Rxd8 Rxd8 19. Ra1 e6 20. Bf3 Ne8 21. h4 Nd6 22. Ra4 h5 23. Ra6 Kb7 24. Ra4 Nf5 25. Ra1 Nxh4 26. Rb1 Nxf3 27. exf3 Kc7 28. Ra1 Rd7 29. Ra8 Ne7 30. f5 Nxf5 31. Bf4+ Kb7 32. Rb8+ Ka7 33. Rh8 f6 34. Rg8 g5 35. Bb8+ Kb7 36. Bh2 e5 37. Rf8 Rd6 38. Bxe5 fxe5 39. Rxf5 h4 40. Rxg5 Rh6 41. Rxe5 h3 42. Re1 h2 43. Rh1 Kc6 44. Kd3 Kd6 45. Ke4 Ke6 46. f4 Kf6 47. Kf3 Kf5 48. Kg3 Rg6+ 49. Kf3 Rh6 50. Kg3 Rg6+ 51. Kf3 Rd6 52. Rxh2 Rd3+ 53. Ke2 Rxc3 54. Rh6 Rb3 55. Rh4 Ke4 56. f3+ Kf5 57. Kf2 Rb4 58. Kg3 Rxc4 59. Rh5+ Kg6 60. Rd5 Rd4 61. Rg5+ Kf6 62. Rh5 Rd6 63. Kg4 c4 64. Rh6+ Ke7 65. Rh7+ Kd8 66. Rh8+ Kc7 67. f5 c3 68. Rh1 b5 69. Kg5 b4 70. Rc1 Rd3 71. f4 b3 72. f6 b2 73. Rh1 c2 74. f7 Rd8 0-1


[Site "https://www.chess.com"]

[Event "Titled Tuesday Blitz August 23 Early 2022"]
[White "Atanasov, Anthony"]
[Black "Mitrabha, Guha"]
[WhiteFideId "2623897"]
[BlackFideId "5057000"]
[WhiteElo "1928"]
[BlackElo "2499"]
[Result "0-1"]
[Round "02"]
[TimeControl "180+1"]
[Date "2022.08.23"]
[WhiteClock "0:00:01"]
[BlackClock "0:01:44"]

1. d4 Nf6 2. Nf3 e6 3. Bf4 b6 4. e3 Bb7 5. Nbd2 d6 6. Bd3 Nbd7 7. h3 g6 8. c3 Bg7 9. O-O e5 10. Bg5 h6 11. dxe5 hxg5 12. exf6 Bxf6 13. Be4 d5 14. Bd3 Kf8 15. e4 Nc5 16. e5 Nxd3 17. exf6 Qxf6 18. Qc2 Nf4 19. Rfe1 Kg7 20. Qa4 c5 21. Ne5 d4 22. Ng4 Nxh3+ 23. gxh3 Rxh3 24. Re4 Bxe4 25. Nxe4 Qf3 26. Ng3 Rxg3+ 27. fxg3 Qxg3+ 28. Kf1 Qxg4 29. cxd4 Rh8 30. Qc6 Qf4+ 31. Ke1 Rh2 32. Rd1 Qf2# 0-1


[Site "https://www.chess.com"]

[Event "Titled Tuesday Blitz August 23 Early 2022"]
[White "Belov, Vladimir"]
[Black "Yaniuk, Volodymyr"]
[WhiteFideId "4132394"]
[BlackFideId "14133083"]
[WhiteElo "2501"]
[BlackElo "2141"]
[Result "0-1"]
[Round "02"]
[TimeControl "180+1"]
[Date "2022.08.23"]
[WhiteClock "0:00:11"]
[BlackClock "0:01:02"]

1. e4 e5 2. Nf3 Nc6 3. Bb5 Nf6 4. O-O Nxe4 5. d4 Nd6 6. Bxc6 dxc6 7. dxe5 Nf5 8. Qxd8+ Kxd8 9. Nc3 Bd7 10. h3 Kc8 11. Ne4 b6 12. b3 Be7 13. Bb2 h6 14. Rad1 a5 15. a4 Re8 16. g4 Nh4 17. Nxh4 Bxh4 18. f4 h5 19. f5 hxg4 20. hxg4 g6 21. e6 fxe6 22. f6 e5 23. f7 Rf8 24. Bxe5 Bxg4 25. Bg7 Rxf7 26. Rxf7 Bxd1 27. Be5 Bd8 28. Rf2 Bg4 29. Nf6 Bf5 30. Kg2 Kb7 31. Kg3 Be7 32. Ng4 Re8 33. Bf4 Bc5 34. Rh2 Re7 35. Ne3 Bxe3 0-1


[Site "https://www.chess.com"]